 Dungeon Crawl Stone Soup version 0.14.2 (webtiles) character file.

129 coffecat the Stinger (level 3, -2/19 HPs)
             Began as a Deep Elf Venom Mage on Dec 5, 2015.
             Slain by a gnoll
             ... wielding a +1,+0 whip
              (7 damage)
             ... on Level 2 of the Dungeon.
             The game lasted 00:06:57 (1305 turns).

coffecat the Stinger (Deep Elf Venom Mage)          Turns: 1305, Time: 00:06:57

HP  -2/19        AC  2     Str  5      XL: 3   Next: 30%
MP   7/11        EV 13     Int 20      God:
Gold 89          SH  0     Dex 15      Spells:  1 memorised,  7 levels left

rFire  . . .     SeeInvis .     e - +0 whip
rCold  . . .     Clarity  .     a - +0 robe
rNeg   . . .     Conserve .     (no shield)
rPois  .         rCorr    .     (no helmet)
rElec  .         rRot     .     (no cloak)
SustAb . .       Spirit   .     (no gloves)
rMut   .         Warding  .     (no boots)
Saprov . . .     Stasis   .     (no amulet)
MR     .....                    (no ring)
                                (no ring)

@: not resistant to hostile enchantments, fairly stealthy
A: no striking features
a: no special abilities


You were on level 2 of the Dungeon.
You were hungry.

You visited 1 branch of the dungeon, and saw 2 of its levels.

You collected 89 gold pieces.

Inventory:

Hand weapons
 e - a +0,+0 whip (weapon)
Armour
 a - a +0 robe (worn)
 i - a +1 cloak of darkness
Comestibles
 c - 3 bread rations
 f - 2 meat rations
 h - a choko
 m - a rotting chunk of worm flesh
 p - 2 chunks of hobgoblin flesh
Scrolls
 d - a scroll of teleportation {unknown}
 g - a scroll of immolation {unknown}
 k - a scroll of enchant armour {unknown}
 l - a scroll of fog {unknown}
 n - 2 scrolls of identify {unknown}
 q - a scroll of fear {unknown}
Potions
 o - a potion of curing {unknown}
 r - a potion of cure mutation {unknown}
Books
 b - a Young Poisoner's Handbook

   Spells                             Type                      Level
   *Sting                             Conjuration/Poison           1
   Cure Poison                        Poison                       2
   Mephitic Cloud                     Conjuration/Poison/Air       3
   Olgreb's Toxic Radiance            Poison                       4
   Venom Bolt                         Conjuration/Poison           5


   Skills:
 + Level 2.8 Dodging
 + Level 2.7 Stealth
 + Level 3.4 Spellcasting
 + Level 1.2 Conjurations
 + Level 5.0 Poison Magic


You had 7 spell levels left.
You knew the following spells:

 Your Spells              Type           Power        Failure   Level  Hunger
a - Sting                 Conj/Pois      ###.         4%          1    None


Dungeon Overview and Level Annotations

Branches:
Dungeon (2/15)

Altars:


Message History

The gnoll looks more healthy.
The gnoll closely misses you. The gnoll closely misses you. The ooze hits you.
Casting: Sting
Confirm with . or Enter, or press ? or * to list all spells.
Aiming: Sting
Press: ? - help, Shift-Dir - straight line, f/p - gnoll
Aim: a gnoll, wielding a flail (severely wounded, poisoned)
The sting hits the gnoll.
The gnoll is poisoned.
The gnoll hits you. The gnoll closely misses you. The ooze hits you.
* * * LOW HITPOINT WARNING * * *
A jackal comes into view.
Casting: Sting
Confirm with . or Enter, or press ? or * to list all spells.
Aiming: Sting
Press: ? - help, Shift-Dir - straight line, f - gnoll, p - gnoll
Aim: a gnoll (moderately wounded)
The sting misses the gnoll.
The jackal moves out of view.
The gnoll closely misses you. x2
The gnoll hits you with a whip!
You die...

.......... . ....####.. ..
#####.#.(.##.. ..
#.........##.. ##.
#.##...... #.. #...
##.##.....###..
..#...#######...#..##...#..
$.........gg................
#$..?.gg@J.......##...###
.........h#####.##.####### #
.........# #...#.# #
......##.# #...... # ####..
..# #S...... #.. ..#
##....... #. ...# #.?...#+#
#. ##h# #J...## #.# ...#.#


You could see an ooze, 4 gnolls and a jackal.

Vanquished Creatures
  A worm (D:2)
  2 ball pythons (D:2)
  4 bats
  4 giant cockroaches (D:1)
  5 hobgoblins
  2 jackals (D:1)
  4 kobolds
  3 giant newts (D:1)
  5 goblins (D:1)
  A rat (D:1)
31 creatures vanquished.

Notes
Turn   | Place    | Note
--------------------------------------------------------------
     0 | D:1      | coffecat, the Deep Elf Venom Mage, began the quest for the Orb.
     0 | D:1      | Reached XP level 1. HP: 10/10 MP: 5/5
   204 | D:1      | Reached XP level 2. HP: 10/15 MP: 0/8
   894 | D:2      | Reached skill level 1 in Conjurations
   894 | D:2      | Reached XP level 3. HP: 12/19 MP: 0/11
  1126 | D:2      | Reached skill level 5 in Poison Magic
  1305 | D:2      | Slain by a gnoll

Action                   || total
-------------------------++-------
Melee: Unarmed           ||     2
       Whip              ||    10
 Cast: Sting             ||    73
